 Dungeon Crawl Stone Soup version 0.28-a0-653-g7e9dba17c3 (webtiles) character file.

Game seed: 7374621987693575319

5409 MacCMillion the Frost Mage (level 10, -6/74 HPs)
             Began as a Gnoll Ice Elementalist on Oct 12, 2021.
             Was an Initiate of Gozag.
             Hit by a large rock thrown by a cyclops (40 damage)
             ... on level 9 of the Dungeon.
             The game lasted 00:34:47 (11090 turns).

MacCMillion the Frost Mage (GnIE)                  Turns: 11090, Time: 00:34:47

Health: -6/74      AC: 14    Str: 11    XL:     10   Next: 67%
Magic:  21/21      EV: 11    Int: 24    God:    Gozag
Gold:   712        SH:  5    Dex: 13    Spells: 17/24 levels left

rFire   x . .      SeeInvis .   i - +4 dagger
rCold   . . .      Faith    .   (no shield)
rNeg    . . .      Spirit   .   o - +4 scale mail of the Fife {+Blink rF- Will+ Int+4}
rPois   .          Reflect  +   (no helmet)
rElec   .          Harm     .   p - +0 cloak
rCorr   +          Rampage  .   t - +0 pair of gloves
Will    +....                   (no boots)
Stlth   ++........              M - amulet of reflection
HPRegen 0.22/turn               q - ring "Saudecuborph" {Wiz Fly rCorr}
MPRegen 0.17/turn               H - +6 ring of intelligence

@: flying
A: fangs 1, strong nose, distributed training
a: Renounce Religion, Evoke Blink, Potion Petition, Call Merchant, Bribe Branch


You were on level 9 of the Dungeon.
You worshipped Gozag.
Gozag was pleased with you.
You visited 2 branches of the dungeon, and saw 10 of its levels.

You collected 1073 gold pieces.
You spent 322 gold pieces at shops.
You paid 39 gold pieces to Gozag.

Inventory:

Hand Weapons
 d - a +0 dagger
 f - a +0 vampiric whip
 i - a +4 dagger (weapon)
 E - a +2 dagger of venom
Missiles
 b - 3 throwing nets
Armour
 a - a +0 robe
 o - the +4 scale mail of the Fife (worn) {+Blink rF- Will+ Int+4}
   (You took it off a kobold on level 4 of the Dungeon)

   Int:       It affects your intelligence (+4).
   rF:        It makes you vulnerable to fire.
   +Blink:    It lets you blink.
   Will:      It increases your willpower.
 p - a +0 cloak (worn)
 t - a +0 pair of gloves (worn)
Magical Staves
 z - a staff of conjuration
 N - a staff of death
Jewellery
 q - the ring "Saudecuborph" (left hand) {Wiz Fly rCorr}
   (You found it on level 4 of the Dungeon)

   [ring of wizardry]

   It improves your spell success rate.
   Fly:       It grants you flight.
   rCorr:     It protects you from acid and corrosion.
 G - a +6 ring of dexterity
 H - a +6 ring of intelligence (right hand)
 I - a +6 ring of intelligence
 M - an amulet of reflection (around neck)
Wands
 v - a wand of mindburst (22)
 x - a wand of polymorph (6)
 y - a wand of iceblast (12)
 J - a wand of flame (23)
Scrolls
 e - 6 scrolls of teleportation
 g - a scroll of fog
 h - 3 scrolls of magic mapping
 j - 2 scrolls of amnesia
 l - a scroll of enchant weapon
 n - a scroll of brand weapon
 r - a scroll of immolation {unknown}
 s - 2 scrolls of noise {unknown}
 w - a scroll of vulnerability {unknown}
 F - a scroll of summoning {unknown}
 K - a scroll of acquirement {unknown}
 L - a scroll of enchant armour {unknown}
Potions
 c - 2 potions of lignification
 k - 3 potions of attraction
 m - 3 potions of curing
 u - 3 potions of haste {unknown}
 A - a potion of brilliance
 B - a potion of heal wounds
 C - a potion of cancellation
 D - a potion of flight


   Skills:
 + Level 5.5 Fighting
 + Level 5.5 Short Blades
 + Level 5.5 Long Blades
 + Level 5.5 Axes
 + Level 5.5 Maces & Flails
 + Level 5.5 Polearms
 + Level 5.5 Staves
 + Level 5.5 Slings
 + Level 5.5 Bows
 + Level 5.5 Crossbows
 + Level 5.5 Throwing
 + Level 5.5 Armour
 + Level 7.2 Dodging
 + Level 7.0 Stealth
 + Level 5.5 Shields
 + Level 5.5 Unarmed Combat
 + Level 7.5 Spellcasting
 + Level 4.5 Conjurations
 + Level 4.5 Hexes
 + Level 4.5 Summonings
 + Level 4.5 Necromancy
 + Level 4.5 Translocations
 + Level 4.5 Transmutations
 + Level 4.5 Fire Magic
 + Level 8.5 Ice Magic
 + Level 4.5 Air Magic
 + Level 4.5 Earth Magic
 + Level 4.5 Poison Magic
 + Level 6.0 Invocations
 + Level 5.5 Evocations


You had 17 spell levels left.
You knew the following spells:

 Your Spells              Type           Power      Damage    Failure   Level
a - Freeze                Ice            100%       1d11      1%          1
b - Frozen Ramparts       Ice            100%       1d12      1%          3
c - Ozocubu's Armour      Ice            50%        N/A       1%          3

Your spell library contained the following spells:

 Spells                   Type           Power      Damage    Failure   Level
 Apportation              Tloc           60%        N/A       2%          1
 Magic Dart               Conj           100%       1d8       2%          1
 Shock                    Conj/Air       100%       1d9       2%          1
 Searing Ray              Conj           60%        2d6       3%          2
 Swiftness                Air            30%        N/A       6%          3
 Hailstorm                Conj/Ice       40%        3d10      9%          4
 Airstrike                Air            15%        N/A       21%         4
 Animate Dead             Necr           15%        N/A       21%         4
 Fulminant Prism          Conj/Hex       15%        3d11      21%         4
 Alistair's Intoxication  Tmut/Pois      20%        N/A       47%         5
 Invisibility             Hex            15%        N/A       95%         6
 Haunt                    Necr/Summ      15%        N/A       100%        7
 Infestation              Necr           15%        N/A       100%        8


Dungeon Overview and Level Annotations

Branches:
Dungeon (9/15)             Temple (1/1) D:4            Lair (0/6) D:8
    Orc: D:9-12

Altars:
Ashenzari
Cheibriados
Dithmenos
Elyvilon
Fedhas
Gozag
Hepliaklqana
Kikubaaqudgha
Makhleb
Nemelex Xobeh
Okawaru
Qazlal
Ru
Sif Muna
Trog
Uskayaw
Vehumet
Wu Jian
Zin

Shops:
D:1 !

Annotations:
D:6 exclusion: wraith
D:7 1 runed translucent door, TimeIsEndless's ghost, novice FoFi


Innate Abilities, Weirdness & Mutations

You have very sharp teeth.
Your uncanny sense of smell can sniff out nearby items.
Your experience applies equally to all skills.


Message History

The troll claws you.
Aiming: Freeze (safe; 1% risk of failure)
Press: ? - help, Q - select action, (/) - cycle Shift-Dir - straight line, f - troll
Aim: a troll (moderately wounded)
You freeze the troll.
The troll is moderately wounded.
The wall freezes the troll!
The troll bites you. You block the troll's attack.
The troll claws you but does no damage.
Aiming: Freeze (safe; 1% risk of failure)
Press: ? - help, Q - select action, (/) - cycle Shift-Dir - straight line, f/p - troll
Aim: a troll (heavily wounded)
You freeze the troll!
The troll is severely wounded.
The wall freezes the troll!
You kill the troll!
Your Stealth skill increases to level 7!
Aiming: Freeze (safe; 1% risk of failure)
Press: ? - help, Q - select action, (/) - cycle Shift-Dir - straight line, f - you
Okay, then.
You start resting.
The frozen ramparts melt away.
You start resting.
Your icy armour starts to melt.
Your icy armour evaporates.
A wight comes into view.
It is wielding a +3 scimitar and wearing the +6 chain mail of the Accordion {+Inv Stlth+}.
You now have 712 gold pieces (gained 15).
There is a stone staircase leading down here.
Found 17 gold pieces.
There is a stone staircase leading up here.
You start resting.
HP restored.
A cyclops comes into view.
You see here 17 gold pieces.
The cyclops shouts!
The cyclops throws a large rock.
The large rock hits you!!!
Ouch! That really hurt!
The cyclops throws a large rock.
The large rock hits you!!!
Ouch! That really hurt!
You die...
Your body crumbles into a pile of gold.

#...#....#####.##....#....
###......##....##.)..#....
+.....>.......+....+....
#....#..#.#####....#....
#....+..#.#####....#....
#....#.............+....
#....###...........#....
+....###..#...........##
##...$##@..............#
#............##........#
#.....#.....#..........#
#.......#.....#........#
#.......##...##....?...#
#......C###.###.$$.....#
#....###.##.##.###$#####
#.....###.#.#.###.$.
#......####.####.....


You could see a cyclops.

Vanquished Creatures
  A two-headed ogre (D:8)
  Pikel (D:5)
  A manticore (D:9)
  Joseph (D:7)
  Maggie (D:7)
  A troll (D:9)
  Grinder (D:5)
  Sigmund (D:6)
  A wyvern (D:7)
  A steam dragon (D:8)
  2 vampire mosquitoes (D:7)
  2 water moccasins
  An orc warrior (D:8)
  3 black bears
  4 ogres (D:6)
  2 centaurs
  2 lemures (D:5)
  2 phantoms
  A kobold brigand (D:9)
  2 bullfrogs (D:8)
  A wyvern zombie (D:5)
  2 scorpions
  A wyvern skeleton (D:6)
  3 wights
  2 orc priests
  2 centaur skeletons (D:5)
  4 iguanas
  An orc wizard (D:8)
  A hound skeleton (D:5)
  8 adders
  4 gnolls
  3 white imps
  3 worms
  3 dart slugs
  22 orcs
  4 ball pythons
  8 endoplasms
  8 giant cockroaches
  2 goblins
  7 hobgoblins
  3 jackals (D:3)
  2 quokkas
  4 bats
  4 frilled lizards
  12 kobolds
  5 rats
150 creatures vanquished.

Vanquished Creatures (others)
  A human (D:7)
  20 fungi (D:8)
  15 plants (D:8)
36 creatures vanquished.

Grand Total: 186 creatures vanquished

Notes
Turn   | Place    | Note
-------+----------+-------------------------------------------
     0 | D:1      | MacCMillion the Gnoll Ice Elementalist began the quest for
                  | the Orb.
     0 | D:1      | Reached XP level 1. HP: 13/13 MP: 6/6
   105 | D:1      | Found Esadgh's Distillery.
   283 | D:1      | Reached XP level 2. HP: 19/19 MP: 4/7
   413 | D:1      | Found Semporoi's General Store.
   842 | D:1      | Found a sacrificial altar of Ru.
   934 | D:2      | Found a white marble altar of Elyvilon.
  1081 | D:2      | Reached skill level 5 in Spellcasting
  1081 | D:2      | Reached XP level 3. HP: 20/25 MP: 2/9
  1244 | D:2      | Learned a level 3 spell: Frozen Ramparts
  1248 | D:2      | Learned a level 3 spell: Ozocubu's Armour
  1288 | D:2      | Reached skill level 1 in Invocations
  1473 | D:2      | Reached skill level 1 in Fighting
  1473 | D:2      | Reached skill level 1 in Short Blades
  1473 | D:2      | Reached skill level 1 in Long Blades
  1473 | D:2      | Reached skill level 1 in Axes
  1473 | D:2      | Reached skill level 1 in Maces & Flails
  1473 | D:2      | Reached skill level 1 in Polearms
  1473 | D:2      | Reached skill level 1 in Staves
  1473 | D:2      | Reached skill level 1 in Slings
  1473 | D:2      | Reached skill level 1 in Bows
  1473 | D:2      | Reached skill level 1 in Crossbows
  1473 | D:2      | Reached skill level 1 in Throwing
  1473 | D:2      | Reached skill level 1 in Armour
  1473 | D:2      | Reached skill level 1 in Shields
  1473 | D:2      | Reached skill level 1 in Unarmed Combat
  1473 | D:2      | Reached skill level 1 in Evocations
  1473 | D:2      | Reached XP level 4. HP: 31/32 MP: 6/11
  1629 | D:2      | Found a faded altar of an unknown god.
  1970 | D:3      | Reached skill level 1 in Conjurations
  1970 | D:3      | Reached skill level 1 in Hexes
  1970 | D:3      | Reached skill level 1 in Summonings
  1970 | D:3      | Reached skill level 1 in Necromancy
  1970 | D:3      | Reached skill level 1 in Translocations
  1970 | D:3      | Reached skill level 1 in Transmutations
  1970 | D:3      | Reached skill level 1 in Fire Magic
  1970 | D:3      | Reached skill level 1 in Air Magic
  1970 | D:3      | Reached skill level 1 in Earth Magic
  1970 | D:3      | Reached skill level 1 in Poison Magic
  1970 | D:3      | Reached XP level 5. HP: 27/37 MP: 6/12
  2190 | D:3      | Noticed a water moccasin
  2198 | D:3      | Killed a water moccasin
  2199 | D:3      | Reached XP level 6. HP: 44/44 MP: 4/13
  2655 | D:4      | Found a staircase to the Ecumenical Temple.
  2667 | Temple   | Entered the Ecumenical Temple
  2674 | Temple   | Became a worshipper of Gozag Ym Sagoz the Greedy
  2687 | D:4      | Reached skill level 5 in Dodging
  2931 | D:4      | Identified the +4 scale mail of the Fife {+Blink rF- Will+
                  | Int+4}
  3366 | D:4      | Found an ornate altar of the Wu Jian Council.
  3392 | D:4      | Identified the ring "Saudecuborph" {Wiz Fly rCorr}
  3714 | D:5      | Entered Level 5 of the Dungeon
  4198 | D:4      | Reached XP level 7. HP: 20/50 MP: 11/15
  4864 | D:5      | Noticed Grinder
  4878 | D:5      | Paralysed by Grinder for 3 turns
  5053 | D:6      | Reached skill level 5 in Stealth
  5220 | D:6      | Reached XP level 8. HP: 34/57 MP: 7/16
  5981 | D:5      | Noticed Pikel
  6037 | D:6      | Noticed Sigmund
  6284 | D:6      | Noticed a wraith
  6648 | D:6      | Killed Sigmund
  7071 | D:5      | Killed Pikel
  7072 | D:5      | Reached XP level 9. HP: 64/65 MP: 9/18
  7178 | D:5      | Paralysed by Grinder for 3 turns
  7197 | D:5      | Killed Grinder
  7833 | D:1      | Bought a potion of brilliance for 56 gold pieces
  7833 | D:1      | Bought a potion of heal wounds for 70 gold pieces
  7833 | D:1      | Bought a potion of curing for 42 gold pieces
  7833 | D:1      | Bought a potion of cancellation for 112 gold pieces
  7833 | D:1      | Bought a potion of flight for 42 gold pieces
  8038 | D:7      | Reached skill level 8 in Ice Magic
  8395 | D:7      | Found a runed translucent door.
  8395 | D:7      | Noticed TimeIsEndless's ghost (novice FoFi)
  8805 | D:7      | Noticed Maggie
  8820 | D:7      | Killed Maggie
  8821 | D:7      | Reached skill level 5 in Invocations
  8884 | D:7      | Noticed Joseph
  8894 | D:7      | Killed Joseph
  9118 | D:7      | Found an ancient bone altar of Kikubaaqudgha.
  9432 | D:8      | Reached XP level 10. HP: 68/73 MP: 14/20
  9665 | D:8      | Reached skill level 5 in Fighting
  9665 | D:8      | Reached skill level 5 in Short Blades
  9665 | D:8      | Reached skill level 5 in Long Blades
  9665 | D:8      | Reached skill level 5 in Axes
  9665 | D:8      | Reached skill level 5 in Maces & Flails
  9665 | D:8      | Reached skill level 5 in Polearms
  9665 | D:8      | Reached skill level 5 in Staves
  9665 | D:8      | Reached skill level 5 in Slings
  9665 | D:8      | Reached skill level 5 in Bows
  9665 | D:8      | Reached skill level 5 in Crossbows
  9665 | D:8      | Reached skill level 5 in Throwing
  9665 | D:8      | Reached skill level 5 in Armour
  9665 | D:8      | Reached skill level 5 in Shields
  9665 | D:8      | Reached skill level 5 in Unarmed Combat
  9665 | D:8      | Reached skill level 5 in Evocations
  9670 | D:8      | Noticed a two-headed ogre
  9698 | D:8      | Killed a two-headed ogre
 10423 | D:8      | Found a staircase to the Lair.
 10486 | D:8      | Found a sparkling altar of Nemelex Xobeh.
 10781 | D:9      | Noticed a manticore
 10785 | D:9      | Noticed a white ugly thing
 10793 | D:9      | Killed a manticore
 10899 | D:9      | Identified the +6 chain mail of the Accordion {+Inv Stlth+}
 11084 | D:9      | Noticed a cyclops
 11090 | D:9      | Hit by a large rock thrown by a cyclops

Illustrated notes

Levels and vault maps discovered:
D:1:      dpeg_arrival_lava_altar, layout_loops_ring, serial_shops, shop, shop
D:2:      wander_river, layout_rooms, basic_altar,
          shapermc_ecumenical_altar_flowoftime
D:3:      layout_rooms, hangedman_decor_push
D:4:      layout_loops_ring, mainiacjoe_overflow_boulevard,
          minmay_temple_entry_drinking_statues
D:5:      layout_rooms, uniq_pikel, uniq_grinder
D:6:      layout_cave_pools, serial_glass, glass_columns_a, glass_columns_a,
          glass_columns_a, glass_columns_a, glass_columns_a, glass_columns_b,
          uniq_sigmund
D:7:      layout_loops_corners, tgw_kikubaaqudgha,
          hellmonk_ghost_happy_afterlife, item_on_display_a, uniq_maggie,
          uniq_joseph
D:8:      layout_rooms, nemelex_diamond_rough_becter,
          grunt_lair_entry_orc_guard_hut
D:9:      layout_basic, mainiacjoe_overflow_small_starburst,
          minmay_statues_item, kb_rosetta
Temple:   nicolae_temple_no_exploring_needed

Skill      XL: |  1  2  3  4  5  6  7  8  9 10 |
---------------+-------------------------------+-----
Spellcasting   | 5 6 7 |  7.5
Invocations    | 1 2 3 4 5 6 |  6.0
Fighting       | 1 2 3 4 5 |  5.5
Short Blades   | 1 2 3 4 5 |  5.5
Long Blades    | 1 2 3 4 5 |  5.5
Axes           | 1 2 3 4 5 |  5.5
Maces & Flails | 1 2 3 4 5 |  5.5
Polearms       | 1 2 3 4 5 |  5.5
Staves         | 1 2 3 4 5 |  5.5
Slings         | 1 2 3 4 5 |  5.5
Bows           | 1 2 3 4 5 |  5.5
Crossbows      | 1 2 3 4 5 |  5.5
Throwing       | 1 2 3 4 5 |  5.5
Armour         | 1 2 3 4 5 |  5.5
Shields        | 1 2 3 4 5 |  5.5
Unarmed Combat | 1 2 3 4 5 |  5.5
Evocations     | 1 2 3 4 5 |  5.5
Conjurations   | 1 2 3 4 |  4.5
Hexes          | 1 2 3 4 |  4.5
Summonings     | 1 2 3 4 |  4.5
Necromancy     | 1 2 3 4 |  4.5
Translocations | 1 2 3 4 |  4.5
Transmutations | 1 2 3 4 |  4.5
Fire Magic     | 1 2 3 4 |  4.5
Air Magic      | 1 2 3 4 |  4.5
Earth Magic    | 1 2 3 4 |  4.5
Poison Magic   | 1 2 3 4 |  4.5
Dodging        | 5 6 7 |  7.2
Stealth        | 5 6 7 |  7.0
Ice Magic      | 8 |  8.5

Action                   |  1- 3 |  4- 6 |  7- 9 | 10-12 || total
-------------------------+-------+-------+-------+-------++-------
Melee: Unarmed           |     2 |       |       |       ||     2
       Dagger            |     4 |    79 |   217 |    71 ||   371
       Whip              |     5 |     7 |       |       ||    12
       Bite              |     1 |    11 |    18 |    10 ||    40
       Punch             |       |       |     4 |       ||     4
 Cast: Freeze            |    34 |    17 |    40 |    19 ||   110
       Frozen Ramparts   |     3 |    13 |    22 |    12 ||    50
       Ozocubu's Armour  |       |     4 |    18 |     7 ||    29
Evoke: Wand              |       |       |       |     1 ||     1
  Use: Scroll            |       |       |     9 |       ||     9
 Stab: Sleeping          |     4 |    10 |     2 |       ||    16
Armor: Robe              |     5 |     7 |       |       ||    12
       Scale mail        |       |    21 |   130 |    37 ||   188
Dodge: Dodged            |    10 |    47 |   123 |    49 ||   229
Block: Other             |       |       |     2 |    19 ||    21
       Reflection        |       |       |       |     1 ||     1

Table legend: (Time is in decaauts)
 A = Elapsed time spent in this place.
 B = Non-inter-level travel time spent in this place.
 C = Inter-level travel time spent in this place.
 D = Time resting spent in this place.
 E = Time spent auto-exploring this place.
 F = Levels seen in this place.
 G = Mean time per level.
                   A        B        C        D        E       F      G
               +--------+--------+--------+--------+--------+-----+--------+
         Total |  11058 |  10331 |    727 |   2782 |   5515 |  10 | 1105.8 |
       Dungeon |  11043 |  10316 |    727 |   2782 |   5515 |   9 | 1227.0 |
        Temple |     14 |     14 |      0 |      0 |      0 |   1 |   14.0 |
               +--------+--------+--------+--------+--------+-----+--------+

Top non-repeatable levels by time:
     D:4: 2332 daAuts
     D:5: 1929 daAuts
     D:7: 1451 daAuts
     D:6: 1179 daAuts
     D:8: 1032 daAuts
     D:2: 1006 daAuts
     D:1: 967 daAuts
     D:3: 695 daAuts
     D:9: 450 daAuts
  Temple: 14 daAuts
